 Dungeon Crawl Stone Soup version 0.30.1-11-g7821555f0a (webtiles) character file.

Game seed: 13848255391531879416

258 Peloso the Covered (level 5, -2/47 HPs)
             Began as a Minotaur Fighter on Dec 17, 2023.
             Succumbed to an orc wizard's poison
             ... on level 5 of the Dungeon.
             The game lasted 00:04:54 (2046 turns).

Peloso the Covered (Minotaur Fighter)               Turns: 2046, Time: 00:04:55

Health: -2/47      AC:  9    Str: 20    XL:     5   Next: 94%
Magic:  4/4        EV:  8    Int:  5    God:
Gold:   127        SH:  6    Dex: 18    Spells: 4/4 levels left

rFire   . . .        a - +0 long sword
rCold   . . .        d - +0 buckler
rNeg    . . .        c - +0 chain mail
rPois   .            (helmet restricted)
rElec   .            (no cloak)
rCorr   +            (no gloves)
SInv    .            (no boots)
Will    .....        k - amulet of the acrobat Stlth
                     j - +6 ring of dexterity
HPRegen 0.27/turn    w - ring of resist corrosion
MPRegen 0.09/turn

%: acrobat
@: brilliant, lethally poisoned (-2 -> -11), attractive, flying
A: horns 2, retaliatory headbutt
a: no special abilities


You were on level 5 of the Dungeon.
You visited 1 branch of the dungeon, and saw 5 of its levels.

You collected 127 gold pieces.

Inventory:

Hand Weapons
 a - a +0 long sword (weapon)
Armour
 b - a +0 scale mail
 c - a +0 chain mail (worn)
 d - a +0 buckler (worn)
Jewellery
 j - a +6 ring of dexterity (left hand)
 k - an amulet of the acrobat (around neck)
 m - a +6 ring of strength
 w - a ring of resist corrosion (right hand)
Scrolls
 e - 2 scrolls of identify
 g - a scroll of fear {unknown}
 h - 3 scrolls of enchant weapon {unknown}
 n - a scroll of torment {unknown}
 o - 2 scrolls of blinking {unknown}
 q - a scroll of teleportation {unknown}
 r - a scroll of brand weapon {unknown}
 s - a scroll of immolation {unknown}
 u - a scroll of vulnerability {unknown}
Potions
 v - 2 potions of might


   Skills:
 + Level 4.7 Fighting
 + Level 4.8 Long Blades
 + Level 4.9 Armour
 + Level 1.3 Dodging
 + Level 0.1 Stealth
 + Level 4.7 Shields


You had 4 spell levels left.
You didn't know any spells.
Your spell library contained the following spells:

 Spells                   Type           Power      Damage    Failure   Level
 Inner Flame              Hex/Fire       0%         N/A       100%        3
 Flame Wave               Conj/Fire      0%         2d4       100%        4
 Sticky Flame             Conj/Fire      0%         2d3       100%        4


Dungeon Overview and Level Annotations

Branches:
Dungeon (5/15)
 Temple: D:4-7

Altars:

Shops:
D:2 (   D:3 ?(?

Annotations:
D:4 Dowan, Duvessa


Innate Abilities, Weirdness & Mutations

You have a pair of horns on your head.
You reflexively headbutt those who attack you in melee.


Message History

You are more poisoned.
Unknown command.
You slash the orc!
You kill the orc!
You feel very sick. Something hits you but does no damage.
You are lethally poisoned!
Something hits you but does no damage.
Unknown command.
You closely miss something.
* * * LOW HITPOINT WARNING * * *
You feel very sick.
You hear some strange, mumbled words.
A magic dart appears from out of thin air!
The magic dart hits you!
* * * LOW HITPOINT WARNING * * *
Something hits you but does no damage.
You are more poisoned.
You feel better. Something hits you but does no damage.
You are poisoned.
Something hits you.
* * * LOW HITPOINT WARNING * * *
It was a potion of cancellation.
You feel magically purged.
You feel sick. Something hits you but does no damage. Something hits you.
* * * LOW HITPOINT WARNING * * *
Okay, then.
It was a potion of attraction.
You feel attractive to monsters.
* * * LOW HITPOINT WARNING * * *
You feel sick.
Something hits you but does no damage. x2
You are more poisoned.
It was a potion of brilliance.
You feel clever all of a sudden.
* * * LOW HITPOINT WARNING * * *
You feel sick. Something completely misses you.
Something hits you but does no damage.
It was a potion of flight.
You feel very buoyant.
You fly up into the air.
You die...

....##
.....#
.....#
#.....
....#
##....#
###{...#
###.@)...#
#..{†)..##
#....####
#..<##
#..## #..
#.. ...
#...


There were no monsters in sight!

Vanquished Creatures
  A scorpion (D:3)
  2 iguanas (D:5)
  Jessica (D:2)
  An orc wizard (D:3)
  2 adders (D:2)
  A dart slug (D:1)
  6 orcs
  8 endoplasms
  3 giant cockroaches
  5 goblins
  4 hobgoblins
  8 jackals (D:1)
  2 quokkas
  4 ball pythons
  4 bats
  3 frilled lizards
  5 kobolds
  4 rats
64 creatures vanquished.

Notes
Turn   | Place    | Note
-------+----------+-------------------------------------------
     0 | D:1      | Peloso the Minotaur Fighter began the quest for the Orb.
     0 | D:1      | Reached XP level 1. HP: 19/19 MP: 0/0
    65 | D:1      | Found a faded altar of an unknown god.
    74 | D:1      | Reached XP level 2. HP: 23/27 MP: 1/1
   233 | D:1      | Reached XP level 3. HP: 26/33 MP: 2/2
   549 | D:2      | Noticed Jessica
   553 | D:2      | Killed Jessica
   646 | D:2      | Reached XP level 4. HP: 40/40 MP: 3/3
  1098 | D:2      | Found Sepy's Weapon Shop.
  1239 | D:3      | Found Kikhleul's Magic Scroll Boutique.
  1307 | D:3      | Noticed a scorpion
  1311 | D:3      | Killed a scorpion
  1312 | D:3      | Reached XP level 5. HP: 47/47 MP: 4/4
  1364 | D:3      | Found Enaaps's Weapon Boutique.
  1490 | D:3      | Reached skill level 1 in Dodging
  1499 | D:3      | Found Uputt's Magic Scroll Boutique.
  2016 | D:4      | Noticed Duvessa
  2016 | D:4      | Noticed Dowan
  2023 | D:5      | Entered Level 5 of the Dungeon
  2041 | D:5      | HP: 1/47 [something/magic dart (10)]
  2046 | D:5      | Succumbed to an orc wizard's poison

Illustrated notes

Levels and vault maps discovered:
D:1:      shiori_shiawase, layout_basic, ebering_ecumenical_altar_webs
D:2:      layout_basic, serial_shops, shop, uniq_jessica
D:3:      layout_loops_ring, serial_shops, shop, shop, shop
D:4:      layout_basic, temple_fountains, chequers_serial_rivers_micro_c,
          uniq_duvessa
D:5:      layout_layer_cave, mainiacjoe_overflow_alcove_1,
          nicolae_wu_jian_wuxing_cycle, item_on_display_a

Skill      XL: |  1  2  3  4  5 |
---------------+----------------+-----
Armour         | 4 |  4.9
Shields        | 4 |  4.7
Fighting       | 4 |  4.7
Long Blades    | 3 4 |  4.8
Dodging        | 1 |  1.3
Stealth        | |  0.1

Action                     |  1- 3 |  4- 6 || total
---------------------------+-------+-------++-------
  Melee: Long sword        |    56 |    64 ||   120
         Headbutt          |     8 |    12 ||    20
    Use: Potion            |     1 |     6 ||     7
         Scroll            |     1 |       ||     1
 Armour: Scale mail        |    38 |    18 ||    56
         Chain mail        |       |    21 ||    21
  Dodge: Dodged            |    27 |    28 ||    55
  Block: Buckler           |    20 |    16 ||    36
